 Dungeon Crawl Stone Soup version 0.20.1-1-g8b1a95d (webtiles) character file.

826167 vatarom the Cloud Mage (level 27, -2/384 HPs)
             Began as a Demonspawn Air Elementalist on Oct 7, 2017.
             Was the Champion of Vehumet.
             Slain by a reaper
             ... wielding a +2 scythe of freezing
              (7 damage)
             ... while paralysed by you
             ... in Pandemonium on Oct 9, 2017.
             The game lasted 05:44:10 (91080 turns).

vatarom the Cloud Mage (DsAE)                      Turns: 91080, Time: 05:44:10

Health: -2/384     AC: 12    Str: 13    XL:     27
Magic:  29/45      EV:  2    Int: 27    God:    Vehumet [******]
Gold:   4548       SH:  0    Dex: 14    Spells: 10/74 levels left

rFire    + + +     SeeInvis +   O - staff of energy
rCold    + . .     Gourm    .   J - +3 buckler {reflect}
rNeg     + . .     Faith    .   k - +2 robe of Vines {NoPotionHeal Regen+7}
rPois    .         Spirit   .   Z - +3 hat of Pondering {ponderous, MR+ MP+10 Int+5}
rElec    +         Reflect  +   a - scarf {rC+ rF+}
rCorr    .         Harm     .   s - +0 pair of gloves of Listlessness {rF++ MR+ Regen+ Dex-3}
MR       +++++                  (boots unavailable)
Stlth    ..........             p - amulet of Cimuonuo {RegenMP MR++}
Regen    10.0/turn              j - ring of positive energy
MPRegen  0.5/turn               K - ring of Happiness {Wiz Dex+5 SInv}

@: paralysed, berserking, very slightly contaminated, slowed, drained,
invisible, slow
A: claws 1, talons 3, thin metallic scales 3, clumsy 1, [dopey 2], low mp 1[+2],
mutation resistance 1, nightstalker 3, powered by death 3, robust 3, weak 1[+1]
}: 6/15 runes: decaying, serpentine, slimy, silver, abyssal, demonic
a: Renounce Religion


You were in Pandemonium.
You worshipped Vehumet.
Vehumet was exalted by your worship.
You were not hungry.

You visited 12 branches of the dungeon, and saw 57 of its levels.
You visited Pandemonium 2 times, and saw 8 of its levels.
You visited the Abyss 2 times.
You visited 1 bazaar.
You also visited: Labyrinth and Ice Cave.

You collected 9825 gold pieces.
You spent 5277 gold pieces at shops.

Inventory:

Hand Weapons
 m - the +8 flail of Integrity {pain, rC+ rN++ Str+4}
   (You bought it in a shop on level 2 of the Orcish Mines)

   In the hands of one skilled in necromantic magic, it inflicts extra damage on
   living creatures.
   It affects your strength (+4).
   It protects you from cold.
   It greatly protects you from negative energy.
 U - a +0 demon whip of electrocution
Armour
 a - a scarf of resistance (worn)
 k - the +2 robe of Vines (worn) {NoPotionHeal Regen+7}
   (You took it off an orc wizard on level 11 of the Dungeon)

   It increases your rate of regeneration.
 s - the +0 pair of gloves of Listlessness (worn) {rF++ MR+ Regen+ Dex-3}
   (You found it on level 6 of the Lair of Beasts)

   It affects your dexterity (-3).
   It greatly protects you from fire.
   It affects your resistance to hostile enchantments.
   It increases your rate of regeneration.
 J - a +3 buckler of reflection (worn)
 Z - the +3 hat of Pondering (worn) {ponderous, MR+ MP+10 Int+5}
   (You took it off Gastronok on level 3 of the Lair of Beasts)

   It affects your intelligence (+5).
   It affects your resistance to hostile enchantments.
   It affects your magic capacity (+10).
Magical Staves
 H - an uncursed staff of air
 O - an uncursed staff of energy (weapon)
Jewellery
 j - a ring of positive energy (left hand)
 p - the amulet of Cimuonuo (around neck) {RegenMP MR++}
   (You took it off a deep elf demonologist on level 3 of the Elven Halls)

   [amulet of magic regeneration]

   It increases your magic regeneration.
   It affects your resistance to hostile enchantments.
 K - the ring of Happiness (right hand) {Wiz Dex+5 SInv}
   (You bought it in a shop on level 2 of the Orcish Mines)

   [ring of wizardry]

   It improves your spell success rate.
   It affects your dexterity (+5).
   It lets you see invisible.
 L - the amulet of Raqeisuc {Gourm rC+ Int+2 Dex+4}
   (You bought it in a shop on level 2 of the Orcish Mines)

   [amulet of the gourmand]

   It allows you to eat raw meat even when not hungry.
   It affects your intelligence (+2).
   It affects your dexterity (+4).
   It protects you from cold.
 N - the ring of Cyaceheuh {rC+ Dex+3 Slay+4 Stlth+}
   (You acquired it on level 1 of the Elven Halls)

   [ring of slaying]

   It affects your dexterity (+3).
   It affects your accuracy and damage with ranged weapons and melee attacks
   (+4).
   It protects you from cold.
   It makes you more stealthy.
Wands
 c - a wand of clouds (1/9)
 u - a wand of acid (0/15)
 w - a wand of digging (8/24)
 F - a wand of iceblast (7/15)
 S - a wand of clouds (6/9)
Scrolls
 d - 2 scrolls of silence
 e - 13 scrolls of recharging
 f - 2 scrolls of magic mapping
 g - 11 scrolls of fog
 h - 5 scrolls of teleportation
 o - 10 scrolls of immolation
 y - 22 scrolls of remove curse
 D - 8 scrolls of amnesia
 I - a scroll of summoning
 W - 6 scrolls of fear
Potions
 i - 10 potions of flight
 l - a potion of invisibility
 r - 5 potions of haste
 t - 23 potions of curing
 v - 9 potions of agility
 A - 7 potions of berserk rage
 C - 5 potions of brilliance
 T - 5 potions of ambrosia
 X - 6 potions of might
 Y - 4 potions of cancellation
Books
 z - a book of Burglary

   Spells                             Type                      Level
   a - Swiftness                      Charms/Air                   2
   b - Passwall                       Transmutation/Earth          2
   c - Passage of Golubria            Translocation                4
   d - Lee's Rapid Deconstruction     Earth                        5
   e - Darkness                       Hexes                        6
   f - Invisibility                   Hexes                        6
 E - a book of Power

   Spells                             Type                      Level
   a - Iskenderun's Battlesphere      Conjuration/Charms           5
   b - Venom Bolt                     Conjuration/Poison           5
   c - Bolt of Magma                  Conjuration/Fire/Earth       5
   d - Iron Shot                      Conjuration/Earth            6
   e - Orb of Destruction             Conjuration                  7
   f - Spellforged Servitor           Conjuration/Summoning        7
Miscellaneous
 b - a lamp of fire
 x - a lightning rod (2/4)
 B - a phial of floods
 P - a lamp of fire
 Q - 2 boxes of beasts
 V - a crystal ball of energy
Comestibles
 n - 49 fruits
 q - 7 meat rations
 G - 22 bread rations
 M - 3 chunks of flesh
 R - 25 royal jellies


   Skills:
 - Level 12.3(12.1) Fighting
 + Level 3.8(7.3) Maces & Flails
 - Level 10.0(10.2) Staves
 - Level 1.8(1.7) Armour
 - Level 9.3(9.1) Dodging
 - Level 1.8(1.7) Stealth
 - Level 4.2(4.1) Shields
 + Level 24.0(23.8) Spellcasting
 + Level 23.9(23.7) Conjurations
 + Level 25.4(25.2) Air Magic
 - Level 11.9(11.8) Earth Magic
 + Level 17.8(17.6) Evocations


You had 10 spell levels left.
You knew the following spells:

 Your Spells              Type           Power        Failure   Level  Hunger
a - Chain Lightning       Conj/Air       ########..   1%          8    None
b - Swiftness             Chrm/Air       #######.     0%          2    None
c - Static Discharge      Conj/Air       ########     0%          3    None
d - Spellforged Servitor  Conj/Summ      #######...   1%          7    None
e - Apportation           Tloc           ####..       1%          1    None
f - Orb of Destruction    Conj           ########..   1%          7    None
g - Blink                 Tloc           N/A          1%          2    None
h - Deflect Missiles      Chrm/Air       #######...   1%          6    None
i - Freezing Cloud        Conj/Ice/Air   #######...   1%          6    None
j - Iskenderun's Battles  Conj/Chrm      #######.     1%          5    None
k - Tornado               Air            ########..   1%          9    None
l - Lehudib's Crystal Sp  Conj/Erth      #######...   1%          8    None


Dungeon Overview and Level Annotations

Branches:
Dungeon (15/15)            Temple (1/1) D:5            Lair (6/6) D:11
  Swamp (4/4) Lair:2        Snake (4/4) Lair:2        Slime (5/5) Lair:5
    Orc (2/2) D:9             Elf (3/3) Orc:2        Vaults (5/5) D:14
  Crypt (3/3) Vaults:2       Tomb (0/3) Crypt:3      Depths (5/5) D:15
    Zot (4/5) Depths:5

Altars:
Ashenzari
Cheibriados
Dithmenos
Elyvilon
Fedhas
Gozag
Hepliaklqana
Kikubaaqudgha
Makhleb
Nemelex Xobeh
Okawaru
Qazlal
Ru
Sif Muna
Trog
Uskayaw
Vehumet
Xom
Yredelemnul
Zin
The Shining One
Beogh
Jiyva
Lugonu

Shops:
D:6 *   D:11 :   D:14 =   Orc:2 =%((   Vaults:4 !

Portals:
Hell: Depths:1 Depths:2 Depths:3 Depths:4 Depths:5
Abyss: Depths:2 Depths:3 Depths:4
Pandemonium: Depths:2 Depths:3
Ziggurat: Depths:5


Innate Abilities, Weirdness & Mutations

You have claws for feet.
You are completely covered in thin metallic scales. (AC +4, rElec)
You are completely attuned to the shadows.
You regenerate a lot of health from kills.
You are extremely robust. (+30% HP)
You have sharp fingernails.
You are clumsy. (Dex -2)
You are somewhat resistant to further mutation.
[You are very dopey. (Int -4)]
[Your magical capacity is extremely low. (-30% MP)]
[You are very weak. (Str -4)]


Message History

The monstrous corrupter utters an invocation to Lugonu.
The ufetubus hits you but does no damage.
The ufetubus barely misses you.
You hear a distant "Zot"!
Kejoerr hits you!
* * * LOW HITPOINT WARNING * * *
You writhe in agony.
* * * LOW HITPOINT WARNING * * *
The ufetubus hits you but does no damage. x2
A starcursed mass splits.
The apocalypse crab completely misses you.
The apocalypse crab claws you.
* * * LOW HITPOINT WARNING * * *
The ufetubus hits you but does no damage.
The ufetubus barely misses you.
The ynoxinul hits you but does no damage.
The reaper hits you from afar with a scythe of freezing!!
* * * LOW HITPOINT WARNING * * *
The reaper freezes you!
You die...

....s. .....#
...6# #53#
#5@####.
#&6t34..
#######X*.2...
....ยง.XXX#....
......XX#####.
....[..##
########


You could see Kejoerr, 6 starcursed masses, a reaper, a wretched star, a
monstrous corrupter (invisible), a soul eater, a demonic crawler, a gelid
demonspawn, an apocalypse crab, a ynoxinul, a chaos spawn and 2 ufetubi.

Vanquished Creatures
  the Royal Jelly (Slime:5)
  2 pandemonium lords (Pan)
  3 orbs of fire
  Mennas (Vaults:5)
  The ghost of theanonym the Conqueror, a master MiBe of Trog (Vaults:5)
  3 juggernauts
  2 ancient liches
  Sojobo (Vaults:4)
  the Lernaean hydra (Swamp:3)
  Bai Suzhen (Depths:2)
  A curse toe (Zot:2)
  Frederick (Depths:5)
  Saint Roka (Elf:2)
  Xtahua (Crypt:1)
  4 golden dragons
  2 bone dragons
  A Brimstone Fiend (Pan)
  Jorgrun (Swamp:3)
  A Tzitzimitl (Pan)
  14 tentacled monstrosities
  5 liches
  An Ice Fiend (Pan)
  3 Hell Sentinels (Pan)
  8 quicksilver dragons
  The ghost of hilaritas the Warrior, an adept DDGl of Trog (Snake:4)
  9 titans
  26 acid blobs
  5 Executioners (Pan)
  A deep elf master archer (Elf:3)
  7 death cobs
  11 sphinxes
  2 ancient champions
  2 tentacled starspawn (Abyss:1)
  10 storm dragons
  Kirke (Snake:1)
  4 shadow dragons
  4 draconian monks
  3 thorn hunters
  Gastronok (Lair:3)
  11 nagarajas
  3 tengu reavers
  10 fire giants
  13 azure jellies
  3 draconian knights
  4 iron dragons
  6 deep elf sorcerers
  19 vault wardens
  2 revenants
  2 draconian scorchers
  13 frost giants
  3 curse skulls
  2 orc warlords
  2 draconian shifters (Zot:1)
  Louise (D:15)
  6 cacodemons (Pan)
  4 ghost moths
  An emperor scorpion (shapeshifter) (Elf:3)
  12 balrugs (Pan)
  2 warmongers (Pan)
  3 deep elf elementalists (Elf:3)
  13 ironheart preservers
  13 reapers
  A spriggan defender (Depths:4)
  8 ghouls
  2 draconian stormcallers
  The ghost of Gremour the Nimble, a journeyman MfIE of Okawaru (Slime:1)
  6 blood saints (Pan)
  A draconian annihilator (Depths:2)
  An angel (Pan)
  8 very ugly things
  28 stone giants
  5 war gargoyles
  14 green draconians
  A juggernaut skeleton (Crypt:2)
  9 deep elf demonologists
  10 vampire knights
  7 black suns (Pan)
  The ghost of ThereIsNoGod the Bludgeoner, a journeyman TrFi of Okawaru (Lair:3)
  6 deep elf annihilators
  4 lorocyprocas (Pan)
  2 corrupters (Pan)
  6 spark wasps
  7 yellow draconians
  7 black draconians
  4 purple draconians
  8 red draconians
  A dire elephant (D:15)
  6 blizzard demons
  6 white draconians
  7 deep elf death magi
  5 eidola
  3 crystal guardians
  9 death oozes
  An ettin (shapeshifter) (Vaults:5)
  27 ettins
  12 fire dragons
  Josephine (Snake:1)
  A merfolk impaler (Abyss:3)
  5 deep elf high priests
  16 yaktaur captains
  4 green deaths
  A minotaur (Lab)
  10 ice dragons
  2 rakshasas
  A quicksilver dragon skeleton (Crypt:3)
  35 vault guards
  7 jiangshi
  A hydra (shapeshifter) (Vaults:5)
  A hell beast (Pan)
  24 hydras
  18 great orbs of eyes
  4 catoblepae
  3 ghost crabs (Swamp:3)
  Erica (D:8)
  24 naga warriors
  8 monstrous demonspawn (Pan)
  2 spriggan air magi
  12 anacondas
  An anaconda (shapeshifter) (D:15)
  25 ogre magi
  37 dancing weapons
  12 centaur warriors
  15 alligators
  An alligator (shapeshifter) (Depths:3)
  72 two-headed ogres
  A two-headed ogre (shapeshifter) (Depths:1)
  10 death yaks
  2 tengu warriors
  13 deep troll shamans
  3 titan zombies
  3 death knights
  11 shock serpents
  3 vampire magi
  A queen ant (Lair:2)
  16 deep troll earth magi
  An orc high priest (Orc:2)
  16 soul eaters
  15 naga sharpshooters
  4 spriggan berserkers
  8 thrashing horrors
  29 sun demons (Pan)
  24 deep elf knights
  A titan skeleton (Crypt:3)
  3 hell knights (Crypt:3)
  2 shadow wraiths
  9 sixfirhies
  2 wretched stars
  3 iron trolls
  2 torturous demonspawn (Pan)
  10 unseen horrors
  An anaconda zombie (Abyss:1)
  21 skeletal warriors
  2 salamander mystics
  11 sea snakes
  A sea snake (shapeshifter) (Depths:5)
  5 flayed ghosts
  39 deep trolls
  2 infernal demonspawn (Pan)
  An entropy weaver zombie (Crypt:1)
  5 glowing orange brains
  7 shadow demons
  8 swamp dragons
  17 ironbrand convokers
  3 spriggan druids
  A naga ritualist (Snake:3)
  6 gelid demonspawn (Pan)
  2 lindwurms (Lair:6)
  2 harpies (Depths:2)
  8 starcursed masses (Abyss:3)
  A wolf spider zombie (D:14)
  6 wizards
  12 orc knights
  A harpy (shapeshifter) (Depths:3)
  12 phantasmal warriors
  14 necromancers
  17 deep elf archers
  5 mana vipers
  A stone giant zombie (Crypt:3)
  3 wolf spiders
  An oklob plant (Lair:5)
  A shadow dragon skeleton (Depths:4)
  51 deep elf magi
  4 orc sorcerers
  5 shining eyes
  25 large abominations
  10 salamanders
  A faun (shapeshifter) (D:14)
  2 fire giant zombies
  A shining eye (shapeshifter) (Elf:3)
  A cyclops (shapeshifter) (Vaults:1)
  8 manticores
  4 cyclopes
  2 worldbinders (Abyss:3)
  A moth of wrath (shapeshifter) (Depths:1)
  59 ugly things
  2 sphinx skeletons (Depths:4)
  3 stone giant skeletons
  4 rust devils
  18 moths of wrath
  12 elephants
  An iron dragon skeleton (Crypt:1)
  18 naga magi
  45 black mambas
  2 spriggan zombies (Depths:1)
  2 centaur zombies
  12 guardian serpents
  2 apocalypse crabs (Abyss:3)
  2 eyes of devastation
  A frost giant skeleton (Crypt:3)
  14 vault sentinels
  A fire giant skeleton (Depths:1)
  10 orange demons
  4 ice statues (IceCv)
  5 torpor snails (Lair:6)
  22 smoke demons
  9 gargoyles
  A hellion (Pan)
  2 rime drakes
  26 spiny frogs
  3 efreet
  A green draconian zombie (Crypt:1)
  A yaktaur (shapeshifter) (Vaults:1)
  2 kobold demonologists (D:13)
  11 ice devils
  9 tormentors (Pan)
  12 freezing wraiths
  7 komodo dragons
  4 demonic crawlers (Pan)
  3 anaconda simulacra (IceCv)
  74 yaktaurs
  2 ancient zymes
  A golden dragon simulacrum (IceCv)
  A komodo dragon (shapeshifter) (Depths:4)
  8 hellwings
  7 swamp worm zombies (Crypt:1)
  10 trolls
  A pale draconian skeleton (Crypt:2)
  15 red devils
  2 hydra zombies (Crypt:3)
  15 polar bears
  2 tengu conjurers
  2 tengu simulacra
  6 tyrant leeches
  A satyr zombie (Crypt:1)
  A blink frog (shapeshifter) (Depths:4)
  23 hornets
  Prince Ribbit (D:8)
  118 slime creatures
  9 bog bodies
  6 raiju
  22 blink frogs
  10 hippogriffs
  A fire giant simulacrum (Vaults:4)
  4 dream sheep (Lair:6)
  2 fire dragon zombies
  29 flying skulls
  A human simulacrum (Vaults:4)
  An ettin zombie (Vaults:4)
  15 spriggans
  10 ynoxinuls
  7 shadows
  3 redbacks (Lab)
  2 dire elephant simulacra (IceCv)
  A fire dragon skeleton (Abyss:3)
  6 air elementals
  An alligator skeleton (Crypt:2)
  A spriggan (shapeshifter) (Vaults:2)
  A hog (Snake:1)
  3 tarantellas (shapeshifter)
  2 wyverns
  A vampire (D:9)
  13 wraiths
  A wyvern (shapeshifter) (Depths:2)
  8 water elementals
  3 fire elementals
  A steam dragon (D:12)
  3 elf zombies
  9 basilisks
  46 yaks
  A human (shapeshifter) (Elf:3)
  13 golden eyes
  15 chaos spawn
  2 hogs (shapeshifter)
  3 hungry ghosts
  13 vampire mosquitoes
  4 neqoxecs
  A basilisk (shapeshifter) (Vaults:5)
  14 wargs
  3 harpy simulacra (IceCv)
  Menkaure (D:5)
  A gelid demonspawn zombie (Crypt:2)
  23 swamp worms
  73 nagas
  A soldier ant (shapeshifter) (Vaults:1)
  22 insubstantial wisps
  An iron troll simulacrum (IceCv)
  5 soldier ants (Lair:2)
  A spiny frog zombie (Crypt:2)
  4 acid dragons
  14 hell hounds
  A floating eye (shapeshifter) (Depths:4)
  16 water moccasins
  2 floating eyes
  41 orc warriors
  10 porcupines
  A porcupine (shapeshifter) (Depths:3)
  4 sky beasts
  A snapping turtle zombie (Abyss:3)
  2 ice beasts
  10 boggarts
  19 swamp drakes
  13 black bears
  2 phantoms
  7 eyes of draining
  4 necrophages
  16 wolves
  59 ogres
  22 centaurs
  2 elf skeletons
  19 crocodiles
  3 big kobolds
  Blork the orc (D:5)
  An octopode zombie (Crypt:2)
  8 bullfrogs
  A gnoll sergeant (D:9)
  3 earth elementals
  10 small abominations
  A wyvern skeleton (D:13)
  4 scorpions
  A yak zombie (Crypt:1)
  17 killer bees
  A spriggan skeleton (Crypt:3)
  3 vampire bats (D:8)
  9 wights
  2 howler monkeys
  2 troll skeletons (Lab)
  2 electric eels (D:14)
  4 crimson imps
  2 quasits
  3 hounds
  2 bullfrog skeletons
  2 bullfrog zombies
  24 orc priests
  6 jellies
  30 orc wizards
  A basilisk zombie (Crypt:2)
  9 iron imps
  Jessica (D:3)
  6 centaur skeletons
  5 iguanas
  17 worker ants
  6 lightning spires (Abyss:3)
  A killer bee zombie (D:5)
  An ogre skeleton (Crypt:2)
  3 gnolls (D:9)
  18 adders
  6 shadow imps
  3 oozes
  An adder zombie (D:5)
  A lava snake zombie (Crypt:2)
  2 adder skeletons (D:5)
  2 worms
  A ball lightning (Zot:1)
  A barachi zombie (Crypt:1)
  3 dart slugs (D:1)
  5 leopard geckos
  177 orcs
  4 ball pythons
  14 bats
  2 bat skeletons (D:8)
  3 bat zombies (D:8)
  7 giant cockroaches
  8 hobgoblins
  9 jackals
  13 kobolds
  4 quokkas
  A river rat zombie (Crypt:1)
  3 frilled lizards
  9 goblins
  A goblin skeleton (Crypt:2)
  2 jackal skeletons
  A leopard gecko zombie (D:5)
  An orc skeleton (Crypt:3)
  A quokka zombie (D:6)
  9 rats
  A bush (Lair:6)
  2 fungi
  53 plants
  3 starspawn tentacles (Abyss:1)
3257 creatures vanquished.

Vanquished Creatures (collateral kills)
  A pandemonium lord (Pan)
  A Brimstone Fiend (Pan)
  A bone dragon (Crypt:3)
  A lich (Crypt:3)
  3 deep elf blademasters
  A deep elf master archer (Elf:3)
  A hellephant (Pan)
  3 Executioners (Pan)
  A balrug (Pan)
  A warmonger (Pan)
  A cacodemon (Pan)
  A war gargoyle (Crypt:3)
  A very ugly thing (Abyss:1)
  2 reapers (Pan)
  A blood saint (Pan)
  A deep elf demonologist (Elf:3)
  A vampire knight (Crypt:3)
  2 deep elf annihilators (Elf:3)
  A crystal guardian (Crypt:3)
  A deep elf death mage (Elf:3)
  3 blizzard demons (Pan)
  A green death (Pan)
  A monstrous demonspawn (Pan)
  2 hell beasts (Pan)
  3 dancing weapons
  A ball lightning (Elf:1)
  3 hell knights (Crypt:3)
  8 sun demons (Pan)
  3 soul eaters (Pan)
  3 sixfirhies (Pan)
  4 skeletal warriors
  2 torturous demonspawn (Pan)
  A deep elf archer (Elf:3)
  A shadow dragon skeleton (Crypt:3)
  7 deep elf magi
  A necromancer (Crypt:3)
  3 smoke demons (Pan)
  2 orange demons (Pan)
  An ice devil (Pan)
  3 hellwings (Pan)
  6 red devils (Pan)
  A fire dragon zombie (Crypt:3)
  6 flying skulls (Crypt:3)
  2 air elementals (Elf:3)
  A fire dragon skeleton (Crypt:3)
  3 ynoxinuls (Pan)
  2 neqoxecs (Pan)
  A necrophage (Crypt:3)
101 creatures vanquished.

Vanquished Creatures (others)
  A fire giant (Depths:1)
  A draconian annihilator (Depths:2)
  A deep elf elementalist (Elf:1)
  A corrupter (Pan)
  A blood saint (Pan)
  A vault guard (Vaults:1)
  A deep troll shaman (Depths:4)
  A deep elf knight (Elf:1)
  A shadow wraith (Vaults:4)
  A skeletal warrior (Crypt:1)
  A sixfirhy (Pan)
  A deep elf archer (Elf:1)
  3 deep elf magi
  185 ball lightnings
  A naga mage (Snake:2)
  A vault sentinel (Vaults:5)
  A troll (shapeshifter) (Depths:5)
  2 air elementals
  A ynoxinul (Pan)
  A human (Snake:1)
  A water elemental (Elf:1)
  A yak (Lair:2)
  An orc warrior (Vaults:3)
  An orc (D:9)
  40 fungi
  61 plants
  2 starspawn tentacles (Abyss:1)
314 creatures vanquished.

Grand Total: 3672 creatures vanquished

Notes
Turn   | Place    | Note
-------+----------+-------------------------------------------
     0 | D:1      | vatarom the Demonspawn Air Elementalist began the quest for the Orb.
     0 | D:1      | Reached XP level 1. HP: 13/13 MP: 3/3
   192 | D:1      | Gained mutation: You are slightly more attuned to the shadows. [demonic ancestry]
   192 | D:1      | Reached XP level 2. HP: 9/19 MP: 0/5
   530 | D:1      | Reached skill level 1 in Fighting
   813 | D:1      | Reached XP level 3. HP: 26/26 MP: 4/6
  1223 | D:1      | Reached skill level 3 in Air Magic
  1458 | D:2      | Found a glowing golden altar of the Shining One.
  1769 | D:2      | Learned a level 2 spell: Swiftness
  1773 | D:2      | Learned a level 3 spell: Static Discharge
  2151 | D:2      | Reached XP level 4. HP: 33/33 MP: 7/7
  2636 | D:3      | Noticed Jessica
  2637 | D:3      | Killed Jessica
  3028 | D:3      | Noticed an ogre
  3036 | D:3      | Killed an ogre
  3036 | D:3      | Gained mutation: You have sharp toenails. [demonic ancestry]
  3036 | D:3      | Reached XP level 5. HP: 39/39 MP: 2/9
  3530 | D:4      | Learned a level 4 spell: Airstrike
  3821 | D:4      | Reached skill level 4 in Air Magic
  3821 | D:4      | Gained mutation: You are partially covered in thin metallic scales. (AC +2) [demonic ancestry]
  3821 | D:4      | Reached XP level 6. HP: 46/46 MP: 10/10
  4705 | D:5      | Entered Level 5 of the Dungeon
  4856 | D:5      | Noticed Blork the orc
  4866 | D:5      | Killed Blork the orc
  4866 | D:5      | Reached XP level 7. HP: 21/51 MP: 0/12
  5057 | D:5      | Found a staircase to the Ecumenical Temple.
  5066 | Temple   | Entered the Ecumenical Temple
  5144 | D:5      | Found a burning altar of Makhleb.
  5145 | D:5      | Found a radiant altar of Vehumet.
  5191 | D:5      | Became a worshipper of Vehumet
  5220 | D:5      | Reached skill level 5 in Air Magic
  5228 | D:5      | Gained mutation: Your body sometimes deteriorates upon taking damage. [potion of mutation]
  5228 | D:5      | Gained mutation: You are agile. (Dex +2) [potion of mutation]
  5242 | D:5      | Reached skill level 5 in Conjurations
  5633 | D:5      | Reached XP level 8. HP: 49/60 MP: 6/14
  5744 | D:5      | Noticed Menkaure
  5749 | D:5      | Killed Menkaure
  5749 | D:5      | Reached * piety under Vehumet
  5749 | D:5      | Offered knowledge of Flame Tongue by Vehumet.
  6225 | D:6      | Reached skill level 6 in Air Magic
  6821 | D:6      | Learned a level 5 spell: Lightning Bolt
  6844 | D:6      | Found Nub Udyl's Elemental Accessories.
  7920 | D:7      | Reached skill level 5 in Spellcasting
  7920 | D:7      | Gained mutation: You regenerate a little health from kills. [demonic ancestry]
  7920 | D:7      | Reached XP level 9. HP: 47/66 MP: 0/16
  8047 | D:7      | Offered knowledge of Freeze by Vehumet.
  8073 | D:7      | Reached ** piety under Vehumet
  8130 | D:7      | Learned a level 3 spell: Mephitic Cloud
  8152 | D:7      | Reached skill level 5 in Fighting
  8287 | D:7      | Reached skill level 7 in Air Magic
  8373 | D:7      | Found a sparkling altar of Nemelex Xobeh.
  8450 | D:7      | Noticed Prince Ribbit
  9344 | D:8      | Noticed Erica
  9489 | D:8      | Killed Prince Ribbit
  9489 | D:8      | Reached skill level 8 in Air Magic
  9597 | D:8      | Reached XP level 10. HP: 75/76 MP: 5/20
  9656 | D:8      | Offered knowledge of Inner Flame by Vehumet.
  9829 | D:8      | Killed Erica
  9913 | D:8      | Reached *** piety under Vehumet
  9974 | D:8      | Found a deep blue altar of Sif Muna.
  9975 | D:8      | Found a shimmering altar of Xom.
  9975 | D:8      | Found an iron altar of Okawaru.
  9978 | D:8      | Found a burning altar of Makhleb.
  9978 | D:8      | Found a shimmering altar of Xom.
  9978 | D:8      | Found a snail-covered altar of Cheibriados.
 10049 | D:8      | Found an ancient bone altar of Kikubaaqudgha.
 10080 | D:9      | Found a stormy altar of Qazlal.
 10080 | D:9      | Found a blossoming altar of Fedhas.
 10223 | D:9      | Found a shattered altar of Ashenzari.
 10397 | D:9      | Noticed a hand axe
 10397 | D:9      | Noticed a dagger
 10398 | D:9      | Found a hide-covered altar of Uskayaw.
 10535 | D:9      | Offered knowledge of Olgreb's Toxic Radiance by Vehumet.
 10555 | D:10     | Entered Level 10 of the Dungeon
 10878 | D:10     | Lost mutation: Your body sometimes deteriorates upon taking damage. [potion of mutation]
 10878 | D:10     | Lost mutation: You are agile. (Dex +2) [potion of mutation]
 10878 | D:10     | Gained mutation: You have sharp fingernails. [potion of mutation]
 10878 | D:10     | Gained mutation: You are somewhat resistant to further mutation. [potion of mutation]
 11000 | D:10     | Reached skill level 9 in Air Magic
 11032 | D:10     | Noticed a two-headed ogre
 11040 | D:9      | Reached **** piety under Vehumet
 11046 | D:9      | HP: 3/77 [orc priest/divine providence (13)]
 11345 | D:9      | Offered knowledge of Venom Bolt by Vehumet.
 11426 | D:9      | Found a staircase to the Orcish Mines.
 11778 | D:9      | Found a shimmering altar of Xom.
 11819 | D:9      | Found an opulent altar of Gozag.
 11822 | D:9      | Found a glowing silver altar of Zin.
 11858 | D:9      | Identified a scroll of acquirement
 12054 | D:9      | Found a roughly hewn altar of Beogh.
 12066 | D:9      | Reached skill level 1 in Evocations
 12275 | D:10     | Killed a two-headed ogre
 12275 | D:10     | Reached XP level 11. HP: 56/83 MP: 2/23
 12531 | D:10     | Learned a level 2 spell: Blink
 12564 | D:10     | Reached ***** piety under Vehumet
 12564 | D:10     | Offered knowledge of Bolt of Cold by Vehumet.
 13501 | D:11     | Noticed Maurice
 13756 | D:11     | Noticed Maurice
 13756 | D:11     | Maurice changed into Maurice the black bear
 13761 | D:11     | Killed Maurice the black bear
 13761 | D:11     | Reached skill level 10 in Air Magic
 14024 | D:11     | Found a staircase to the Lair.
 14443 | D:11     | Found Qesaar's Book Emporium.
 14515 | Lair:1   | Entered Level 1 of the Lair of Beasts
 15933 | Lair:2   | Noticed a five-headed hydra
 15941 | Lair:2   | Killed a five-headed hydra
 15957 | Lair:2   | Noticed a seven-headed hydra
 15981 | Lair:2   | Killed a seven-headed hydra
 15981 | Lair:2   | Gained mutation: You are mostly covered in thin metallic scales. (AC +3) [demonic ancestry]
 15981 | Lair:2   | Reached XP level 12. HP: 64/92 MP: 9/25
 16183 | Lair:2   | Reached skill level 5 in Evocations
 16320 | Lair:2   | Noticed a six-headed hydra
 16703 | Lair:2   | Found a staircase to the Swamp.
 16728 | Lair:2   | Found a staircase to the Snake Pit.
 16841 | Lair:2   | Offered knowledge of Fireball by Vehumet.
 16855 | Lair:2   | Learned a level 5 spell: Fireball
 16861 | Lair:2   | Reached skill level 10 in Spellcasting
 17097 | Lair:2   | Reached skill level 11 in Air Magic
 17676 | Lair:2   | Killed a six-headed hydra
 17765 | Lair:2   | Noticed a queen ant
 17770 | Lair:2   | Killed a queen ant
 18337 | Lair:3   | Found a deep blue altar of Sif Muna.
 18618 | Lair:3   | Noticed ThereIsNoGod's ghost (journeyman TrFi)
 19076 | Lair:3   | Noticed Gastronok
 19084 | Lair:3   | Killed Gastronok
 19332 | Lair:3   | Gained mutation: You have razor-sharp toenails. [demonic ancestry]
 19332 | Lair:3   | Reached XP level 13. HP: 96/99 MP: 25/27
 19359 | Lair:3   | Killed ThereIsNoGod's ghost
 20578 | Lair:4   | Reached skill level 10 in Conjurations
 21186 | Lair:5   | Reached skill level 1 in Shields
 21800 | Lair:5   | Reached skill level 12 in Air Magic
 22680 | Lair:5   | Found a runed door.
 22680 | Lair:5   | Found a viscous altar of Jiyva.
 22680 | Lair:5   | Found a staircase to the Slime Pits.
 22854 | Lair:6   | Entered Level 6 of the Lair of Beasts
 22876 | Lair:6   | Offered knowledge of Conjure Ball Lightning by Vehumet.
 23266 | Lair:6   | Found a labyrinth entrance.
 23274 | Lab      | Entered a labyrinth
 23760 | Lab      | Gained mutation: You regenerate health from kills. [demonic ancestry]
 23760 | Lab      | Reached XP level 14. HP: 67/108 MP: 16/29
 24141 | Lab      | Got a crude robe
 24153 | Lab      | Identified the cursed +1 robe of the Dice {+Fly} (You took it off a minotaur in a labyrinth)
 24162 | Lab      | Learned a level 6 spell: Conjure Ball Lightning
 24550 | Lair:6   | Found a runed door.
 26026 | Lair:6   | Offered knowledge of Iskenderun's Battlesphere by Vehumet.
 26704 | Lair:6   | Got a pair of crude gloves
 26715 | Lair:6   | Identified the +0 pair of gloves of Listlessness {rF++ MR+ Regen+ Dex-3} (You found it on level 6 of the Lair of Beasts)
 26947 | Lair:6   | Learned a level 5 spell: Iskenderun's Battlesphere
 27428 | D:11     | Found a sacrificial altar of Ru.
 27806 | Orc:1    | Entered Level 1 of the Orcish Mines
 28160 | Orc:1    | Reached skill level 13 in Air Magic
 28649 | Orc:2    | Entered Level 2 of the Orcish Mines
 28742 | D:11     | Bought a book of the Sky for 1170 gold pieces
 29130 | Orc:2    | Reached XP level 15. HP: 97/113 MP: 12/31
 29144 | Orc:2    | Offered knowledge of Freezing Cloud by Vehumet.
 29413 | Orc:2    | Learned a level 6 spell: Freezing Cloud
 29641 | Orc:2    | Reached skill level 5 in Dodging
 30044 | Orc:2    | Reached skill level 10 in Fighting
 30184 | Orc:2    | Noticed an orc warlord
 30192 | Orc:2    | Killed an orc warlord
 30411 | Orc:2    | Found a staircase to the Elven Halls.
 30437 | Orc:2    | Found Fafez's Weapon Shop.
 30437 | Orc:2    | Found Tatitsy's Jewellery Emporium.
 30438 | Orc:2    | Found Dyr Imy's Weapon Shoppe.
 30438 | Orc:2    | Found Yzeas's Food Shop.
 30451 | Orc:2    | Bought the amulet of Raqeisuc {Gourm rC+ Int+2 Dex+4} for 792 gold pieces
 30479 | Orc:2    | Bought the ring of Happiness {Wiz Dex+5 SInv} for 723 gold pieces
 31189 | Swamp:1  | Entered Level 1 of the Swamp
 31298 | Swamp:1  | Noticed a thorn hunter
 31304 | Swamp:1  | Killed a thorn hunter
 31304 | Swamp:1  | Reached skill level 10 in Evocations
 31512 | Swamp:1  | Offered knowledge of Ozocubu's Refrigeration by Vehumet.
 33405 | Swamp:2  | Learned a level 6 spell: Deflect Missiles
 34071 | Swamp:3  | Noticed a thorn hunter
 34239 | Swamp:3  | Reached XP level 16. HP: 114/125 MP: 28/33
 34417 | Swamp:3  | Reached skill level 14 in Air Magic
 34446 | Swamp:3  | Noticed Jorgrun
 34455 | Swamp:3  | Killed Jorgrun
 35051 | Swamp:3  | Killed a thorn hunter
 36264 | Swamp:4  | Entered Level 4 of the Swamp
 36584 | Swamp:4  | Noticed a thorn hunter
 36587 | Swamp:4  | Killed a thorn hunter
 37293 | Swamp:4  | Noticed the 27-headed Lernaean hydra
 38009 | Swamp:3  | Killed the 27-headed Lernaean hydra
 38404 | Swamp:4  | Got a decaying rune of Zot
 38719 | Snake:1  | Entered Level 1 of the Snake Pit
 38842 | Snake:1  | Offered knowledge of Poison Arrow by Vehumet.
 38845 | Snake:1  | Noticed Josephine
 38860 | Snake:1  | Killed Josephine
 39026 | Snake:1  | Reached skill level 15 in Air Magic
 39192 | Snake:1  | Noticed Kirke
 39194 | Snake:1  | Killed Kirke
 39194 | Snake:1  | Gained mutation: You regenerate a lot of health from kills. [demonic ancestry]
 39194 | Snake:1  | Reached XP level 17. HP: 133/133 MP: 25/34
 41728 | Snake:3  | Found a frozen archway.
 41743 | IceCv    | Entered an ice cave
 42934 | Snake:3  | Reached ****** piety under Vehumet
 44046 | Snake:3  | Reached skill level 16 in Air Magic
 44948 | Snake:3  | Offered knowledge of Lehudib's Crystal Spear by Vehumet.
 44948 | Snake:3  | Offered knowledge of Glaciate by Vehumet.
 44948 | Snake:3  | Offered knowledge of Shatter by Vehumet.
 45455 | Snake:4  | Entered Level 4 of the Snake Pit
 45602 | Snake:3  | Reached XP level 18. HP: 121/140 MP: 23/36
 46703 | Snake:4  | Noticed hilaritas's ghost (adept DDGl)
 48004 | Snake:4  | Learned a level 9 spell: Tornado
 48294 | Snake:4  | Killed hilaritas's ghost
 48492 | Snake:4  | Got a serpentine rune of Zot
 49744 | D:13     | Reached skill level 17 in Air Magic
 50577 | D:14     | Gained mutation: You have claws for feet. [demonic ancestry]
 50577 | D:14     | Reached XP level 19. HP: 143/146 MP: 37/37
 50985 | D:14     | Found a gate to the Vaults.
 51089 | D:14     | Found Hiurepir's Jewellery Shop.
 51339 | D:15     | Entered Level 15 of the Dungeon
 51411 | D:15     | Noticed Louise
 51418 | D:15     | Killed Louise
 51745 | D:15     | Found a shadowy altar of Dithmenos.
 51935 | D:15     | Found a staircase to the Depths.
 52151 | Vaults:1 | Entered Level 1 of the Vaults
 52593 | Vaults:1 | Reached skill level 1 in Staves
 52593 | Vaults:1 | Reached skill level 15 in Spellcasting
 53754 | Vaults:2 | Reached skill level 18 in Air Magic
 54373 | Vaults:2 | Reached XP level 20. HP: 128/153 MP: 39/39
 54674 | Vaults:2 | Found a staircase to the Crypt.
 54674 | Vaults:2 | Found a basalt altar of Yredelemnul.
 54675 | Vaults:2 | Found an ancient bone altar of Kikubaaqudgha.
 54733 | Vaults:2 | Reached skill level 5 in Staves
 54733 | Vaults:2 | Reached skill level 15 in Conjurations
 56069 | Vaults:4 | Found Etetoi's Distillery.
 56119 | Vaults:4 | Bought a potion of experience for 900 gold pieces
 56119 | Vaults:4 | Reached skill level 1 in Armour
 56119 | Vaults:4 | Reached skill level 19 in Air Magic
 56119 | Vaults:4 | Gained mutation: You are robust. (+10% HP) [demonic ancestry]
 56119 | Vaults:4 | Reached XP level 21. HP: 153/174 MP: 41/41
 56127 | Vaults:4 | Learned a level 6 spell: Conjure Ball Lightning
 56562 | Vaults:4 | Noticed Sojobo
 56566 | Vaults:4 | Killed Sojobo
 56934 | Vaults:4 | Gained mutation: You are very robust. (+20% HP) [demonic ancestry]
 56934 | Vaults:4 | Reached XP level 22. HP: 96/199 MP: 33/42
 57743 | Elf:1    | Entered Level 1 of the Elven Halls
 57823 | Elf:1    | Got a transparent robe
 57834 | Elf:1    | Identified the +1 robe "Soll" {*Corrode Regen+ Int+2} (You found it on level 1 of the Elven Halls)
 58073 | Elf:1    | Found a flickering gateway to a bazaar.
 58101 | Bazaar   | Entered a bazaar
 58101 | Bazaar   | Found Weneniy's Weapon Shop.
 58101 | Bazaar   | Found Taloth's Antique Armour Boutique.
 58101 | Bazaar   | Found Gesadde's Armour Boutique.
 58101 | Bazaar   | Found Nuityme's Gadget Boutique.
 58101 | Bazaar   | Found Oteafipn's Assorted Antiques.
 58107 | Bazaar   | Bought a scarf of resistance for 224 gold pieces
 58223 | Elf:1    | Got a pitted brass ring
 58224 | Elf:1    | Identified the ring of Cyaceheuh {rC+ Dex+3 Slay+4 Stlth+} (You acquired it on level 1 of the Elven Halls)
 58498 | Elf:1    | Identified the Volume of Black Magic
 58932 | Elf:2    | Noticed Saint Roka
 58938 | Elf:2    | Killed Saint Roka
 59185 | Elf:2    | Found a runed gate.
 59186 | Elf:2    | Found a runed gate.
 59187 | Elf:2    | Found a runed gate.
 59347 | Elf:3    | Entered Level 3 of the Elven Halls
 59647 | Depths:1 | Entered Level 1 of the Depths
 59910 | Depths:1 | Reached skill level 20 in Air Magic
 60035 | Depths:1 | Found a gateway to Hell.
 60296 | Depths:2 | Gained mutation: You are significantly more attuned to the shadows. [demonic ancestry]
 60296 | Depths:2 | Reached XP level 23. HP: 167/206 MP: 44/44
 60422 | Depths:2 | Noticed Bai Suzhen
 60433 | Depths:2 | Killed Bai Suzhen
 60856 | Depths:2 | Found a one-way gate leading to the halls of Pandemonium.
 60866 | Depths:2 | Reached skill level 10 in Staves
 61165 | Depths:2 | Noticed a juggernaut
 61188 | Depths:2 | Killed a juggernaut
 61456 | Depths:2 | Found a snail-covered altar of Cheibriados.
 61685 | Depths:2 | Found a one-way gate to the infinite horrors of the Abyss.
 61910 | Depths:2 | Learned a level 8 spell: Lehudib's Crystal Spear
 61926 | Depths:2 | Found a runed door.
 61965 | Depths:2 | Found a radiant altar of Vehumet.
 61965 | Depths:2 | Noticed an ancient lich
 62070 | Depths:2 | Killed an ancient lich
 62070 | Depths:2 | Reached skill level 1 in Earth Magic
 62174 | Depths:2 | Identified the Compendium of Conjuration
 62266 | Depths:3 | Got a shimmering great sword
 62375 | Depths:3 | Gained mutation: You are extremely robust. (+30% HP) [demonic ancestry]
 62375 | Depths:3 | Reached XP level 24. HP: 174/231 MP: 45/45
 62860 | Depths:3 | Reached skill level 5 in Earth Magic
 63295 | Depths:4 | Noticed a juggernaut
 63302 | Depths:4 | Killed a juggernaut
 63512 | Depths:4 | Reached skill level 21 in Air Magic
 63705 | Depths:4 | Paralysed by a floating eye for 2 turns
 64132 | Depths:4 | Noticed a juggernaut
 64137 | Depths:4 | Killed a juggernaut
 64265 | Depths:4 | Learned a level 8 spell: Chain Lightning
 64570 | Depths:5 | Entered Level 5 of the Depths
 64660 | Depths:5 | Noticed Frederick
 64663 | Depths:5 | Killed Frederick
 64759 | Depths:5 | Reached XP level 25. HP: 239/239 MP: 11/46
 64936 | Depths:5 | Found a gate to the Realm of Zot.
 65012 | Depths:5 | Noticed an ancient lich
 65013 | Depths:5 | Found a gateway to a ziggurat.
 65606 | Vaults:5 | Entered Level 5 of the Vaults
 65609 | Vaults:5 | Reached skill level 10 in Earth Magic
 66160 | Vaults:5 | Got a silver rune of Zot
 66324 | Vaults:5 | Noticed Mennas
 66683 | Vaults:5 | Got a serpentine iron ring
 66689 | Vaults:5 | Identified the +9 great sword "Set Teonn" {flame, Int+5} (You found it on level 3 of the Depths)
 66690 | Vaults:5 | Identified the ring "Nasm" {+Fly rElec rPois} (You took it off a frost giant on level 5 of the Vaults)
 66954 | Vaults:5 | Noticed theanonym's ghost (master MiBe)
 67105 | Vaults:5 | Got a glittering amber ring
 67106 | Vaults:5 | Identified the ring of Cycvamie {*Corrode rPois rC+ MR+ Str+3} (You acquired it on level 5 of the Vaults)
 67400 | Vaults:5 | Killed Mennas
 67501 | Vaults:5 | Gained mutation: You are completely covered in thin metallic scales. (AC +4, rElec) [demonic ancestry]
 67501 | Vaults:5 | Reached XP level 26. HP: 230/248 MP: 30/47
 67686 | Vaults:5 | Killed theanonym's ghost
 67686 | Vaults:5 | Reached skill level 22 in Air Magic
 67949 | Vaults:5 | Identified the Handbook of the Volcano
 68081 | Vaults:5 | Got a slimy jade amulet
 68083 | Vaults:5 | Identified the amulet "Hoalibot" {Inacc Dex+4} (You found it on level 5 of the Vaults)
 68675 | Slime:1  | Entered Level 1 of the Pits of Slime
 69250 | Slime:1  | Noticed Gremour's ghost (journeyman MfIE)
 69253 | Slime:1  | Killed Gremour's ghost
 69590 | Slime:2  | Paralysed by a floating eye for 4 turns
 69932 | Slime:5  | Entered Level 5 of the Pits of Slime
 71150 | Slime:5  | Found a viscous altar of Jiyva.
 71161 | Slime:5  | Noticed the Royal Jelly
 71174 | Slime:5  | Killed the Royal Jelly
 71384 | Slime:5  | Got a fine jade ring
 71402 | Slime:5  | Got a slimy rune of Zot
 71484 | Slime:5  | Identified the ring "Gun Duce" {rPois rF+ Int-5 Stlth+} (You found it on level 5 of the Pits of Slime)
 71495 | Slime:5  | Got a bloodstained buckler
 71496 | Slime:5  | Identified the +2 buckler of Morality {Regen+} (You found it on level 5 of the Pits of Slime)
 71528 | Slime:5  | Got a transparent quarterstaff
 71529 | Slime:5  | Identified the +8 quarterstaff "Wyodim" {crush, +Fly Dex+2 SInv Stlth-} (You found it on level 5 of the Pits of Slime)
 71563 | Slime:5  | Learned a level 7 spell: Orb of Destruction
 72579 | Depths:2 | Voluntarily entered the Abyss.
 73355 | Abyss:3  | Got an abyssal rune of Zot
 73504 | Depths:2 | Escaped the Abyss
 73648 | Zot:1    | Entered Level 1 of the Realm of Zot
 73651 | Zot:1    | Gained mutation: You are completely attuned to the shadows. [demonic ancestry]
 73651 | Zot:1    | Reached XP level 27. HP: 253/256 MP: 44/48
 74781 | Zot:1    | Reached skill level 23 in Air Magic
 75417 | Zot:1    | Noticed an orb of fire
 75431 | Zot:1    | Killed an orb of fire
 76893 | Zot:3    | Noticed an orb of fire
 76902 | Zot:3    | Killed an orb of fire
 77772 | Zot:3    | Noticed an orb of fire
 77777 | Zot:3    | Killed an orb of fire
 79261 | Pan      | Entered Pandemonium
 79477 | Pan      | Noticed Zetez the pandemonium lord
 79674 | Pan      | Got a transparent great sword
 79675 | Pan      | Identified the +2 great sword of the Moth {antimagic, -Tele rF+ Int+2 Dex+3} (You found it in Pandemonium)
 80129 | Pan      | Noticed Terchev the pandemonium lord
 80132 | Pan      | Killed Terchev the pandemonium lord
 80309 | Pan      | Learned a level 7 spell: Spellforged Servitor
 80346 | Pan      | Reached skill level 24 in Air Magic
 80349 | Pan      | Found an exit through the horrors of the Abyss.
 81516 | Pan      | Found an exit through the horrors of the Abyss.
 81637 | Pan      | Found an exit through the horrors of the Abyss.
 81655 | Pan      | Noticed Minosie the pandemonium lord
 81658 | Pan      | Gained mutation: [You are weak. (Str -2)] [a neqoxec]
 81671 | Pan      | Reached skill level 15 in Evocations
 81931 | Pan      | Gained mutation: [Your magical capacity is low. (-10% MP)] [a cacodemon]
 82194 | Pan      | Paralysed by Minosie for 6 turns
 82195 | Pan      | Killed Minosie the pandemonium lord
 82584 | Pan      | Gained mutation: You are clumsy. (Dex -2) [a neqoxec]
 82793 | Pan      | Found a runed door.
 83096 | Pan      | Took an exit into the Abyss.
 83096 | Abyss:1  | Escaped into the Abyss
 83171 | Abyss:1  | Found a corrupted altar of Lugonu.
 83197 | Depths:3 | Escaped the Abyss
 83414 | Crypt:1  | Entered Level 1 of the Crypt
 83445 | Crypt:1  | Noticed Xtahua
 83452 | Crypt:1  | Killed Xtahua
 84693 | Crypt:2  | Found a basalt altar of Yredelemnul.
 84788 | Crypt:3  | Entered Level 3 of the Crypt
 85112 | Crypt:3  | Noticed an ancient lich
 85124 | Crypt:3  | Killed an ancient lich
 85300 | Crypt:3  | Found a basalt altar of Yredelemnul.
 85775 | Crypt:3  | Found a staircase to the Tomb.
 85781 | Crypt:3  | Identified Bisurph's Guide on Evil Rites
 86934 | Elf:3    | Reached skill level 25 in Air Magic
 86966 | Elf:3    | Got a fine sapphire amulet
 86970 | Elf:3    | Identified the amulet of Cimuonuo {RegenMP MR++} (You took it off a deep elf demonologist on level 3 of the Elven Halls)
 87110 | Elf:3    | Got a warped battleaxe {vamp}
 87115 | Elf:3    | Identified the +8 battleaxe "Qeazxaing" {vamp, Dex+3} (You took it off a deep elf demonologist on level 3 of the Elven Halls)
 87124 | Elf:3    | Got an iridescent hand axe {holy}
 87125 | Elf:3    | Identified the +9 hand axe of Tenacity {holy, rElec rN+ MR+ MP-9} (You took it off a deep elf demonologist on level 3 of the Elven Halls)
 87139 | Elf:3    | Got a pitted flail {flame}
 87140 | Elf:3    | Identified the +2 flail "Kiatwopp" {flame, rC+} (You took it off a deep elf elementalist on level 3 of the Elven Halls)
 87239 | Elf:3    | Identified the Disquisition on the Twisted Arsonist
 87243 | Elf:3    | Learned a level 1 spell: Apportation
 87330 | Elf:3    | Got a spiked buckler
 87341 | Elf:3    | Identified the cursed +0 buckler of Gaqiciewn {-Cast rElec rN+++ Stlth+} (You found it on level 3 of the Elven Halls)
 87762 | Elf:3    | Got a smoking war axe {antimagic}
 87763 | Elf:3    | Identified the +8 war axe of Insufficient Pleasure {antimagic, rPois} (You took it off a deep elf mage on level 3 of the Elven Halls)
 87895 | Elf:3    | Got a fine rapier {freeze}
 87896 | Elf:3    | Identified the +6 rapier of Ixkuxaf {freeze, rC- MR+ Dex+4} (You took it off a deep elf mage on level 3 of the Elven Halls)
 89030 | Orc:2    | Bought the +8 flail of Integrity {pain, rC+ rN++ Str+4} for 1468 gold pieces
 89364 | Pan      | Entered Pandemonium
 89693 | Pan      | Reached skill level 1 in Maces & Flails
 90048 | Pan      | Found an exit through the horrors of the Abyss.
 90445 | Pan      | Found a huge runed gate.
 90954 | Pan      | Noticed Semayzuu the pandemonium lord
 90960 | Pan      | Killed Semayzuu the pandemonium lord
 91039 | Pan      | Got a demonic rune of Zot
 91069 | Pan      | Noticed Kejoerr the pandemonium lord
 91076 | Pan      | Paralysed by you for 5 turns
 91080 | Pan      | HP: 5/384 [reaper/scythe of freezing (28)]
 91080 | Pan      | Slain by a reaper

Skill      XL: |  1  2  3  4  5  6  7  8  9 10 11 12 13 14 15 16 17 18 19 20 21 22 23 24 25 26 27 |
---------------+----------------------------------------------------------------------------------+-----
Fighting       | 1 2 3 4 5 6 7 8 9 11 12 | 12.3
Air Magic      | 3 4 5 6 8 9 10 11 12 13 15 16 17 18 19 20 21 22 25 | 25.4
Conjurations   | 2 3 4 5 6 7 8 9 10 11 12 13 14 15 16 17 18 19 20 23 | 23.9
Spellcasting   | 3 4 5 6 8 9 10 11 12 13 14 15 16 17 18 19 20 21 24 | 24.0
Evocations     | 1 4 6 8 9 10 11 13 17 | 17.8
Shields        | 4 |  4.2
Dodging        | 4 5 6 8 9 |  9.3
Staves         | 4 6 7 9 10 | 10.0
Armour         | 1 |  1.8
Earth Magic    | 3 9 11 | 11.9
Maces & Flails | 3 |  3.8
Stealth        | |  1.8

Action                   |  1- 3 |  4- 6 |  7- 9 | 10-12 | 13-15 | 16-18 | 19-21 | 22-24 | 25-27 || total
-------------------------+-------+-------+-------+-------+-------+-------+-------+-------+-------++-------
Melee: Unarmed           |    41 |       |       |       |       |       |       |       |       ||    41
       Hand axe          |       |       |   188 |   151 |       |       |       |       |       ||   339
       Kick              |       |       |    60 |    20 |       |    82 |   163 |   153 |   364 ||   842
       Staff             |       |       |       |   141 |   219 |   443 |   452 |   468 |  1070 ||  2793
       War axe           |       |       |       |       |       |       |       |       |     9 ||     9
       Flail             |       |       |       |       |       |       |       |       |     2 ||     2
 Fire: Hunting sling     |    12 |   189 |       |       |       |       |       |       |       ||   201
 Cast: Shock             |    73 |    24 |    38 |    61 |    54 |     6 |       |       |       ||   256
       Airstrike         |       |     3 |    40 |   162 |   299 |   340 |    30 |    35 |    11 ||   920
       Static Discharge  |       |    13 |    30 |    85 |   137 |    32 |     6 |     2 |       ||   305
       Lightning Bolt    |       |       |     2 |    61 |   221 |   286 |    45 |    70 |     4 ||   689
       Mephitic Cloud    |       |       |     1 |       |     6 |     1 |       |     1 |       ||     9
       Blink             |       |       |       |     6 |     2 |     8 |       |     2 |     6 ||    24
       Fireball          |       |       |       |     1 |    12 |       |       |       |       ||    13
       Conjure Ball Ligh |       |       |       |       |     5 |       |     5 |    51 |       ||    61
       Iskenderun's Batt |       |       |       |       |     7 |    79 |       |     2 |     1 ||    89
       Freezing Cloud    |       |       |       |       |    28 |   110 |       |     1 |     6 ||   145
       Swiftness         |       |       |       |       |     1 |     3 |       |       |       ||     4
       Deflect Missiles  |       |       |       |       |     1 |     3 |     2 |     6 |     4 ||    16
       Tornado           |       |       |       |       |       |    13 |    51 |    75 |    82 ||   221
       Chain Lightning   |       |       |       |       |       |       |       |    27 |   279 ||   306
       Lehudib's Crystal |       |       |       |       |       |       |       |    18 |   302 ||   320
       Orb of Destructio |       |       |       |       |       |       |       |       |    94 ||    94
       Spellforged Servi |       |       |       |       |       |       |       |       |    61 ||    61
       Apportation       |       |       |       |       |       |       |       |       |     1 ||     1
 Abil: Evoke Flight      |       |       |       |       |     1 |       |       |       |       ||     1
Evoke: Wand              |       |       |     1 |    22 |    15 |    15 |       |       |     4 ||    57
       Crystal ball of e |       |       |       |       |     1 |     3 |       |       |       ||     4
       Staff of energy   |       |       |       |       |       |    84 |       |       |   158 ||   242
       Lightning rod     |       |       |       |       |       |       |       |       |     2 ||     2
       Phantom mirror    |       |       |       |       |       |       |       |       |     1 ||     1
  Use: Scroll            |     4 |       |    13 |    17 |    13 |    17 |     9 |    12 |    47 ||   132
       Potion            |       |       |     7 |    10 |     7 |     3 |     1 |       |     5 ||    33
 Stab: Sleeping          |     1 |       |     5 |     3 |       |     5 |     8 |     4 |     2 ||    28
       Invisible         |       |       |     5 |       |       |       |       |       |       ||     5
       Confused          |       |       |       |       |     1 |       |       |       |       ||     1
       Distracted        |       |       |       |       |       |     2 |     4 |     2 |    10 ||    18
       Betrayed ally     |       |       |       |       |       |       |       |     1 |       ||     1
  Eat: Chunk             |     2 |     7 |    17 |    22 |    71 |    47 |    50 |    70 |    91 ||   377
       Royal jelly       |     2 |     1 |       |     2 |       |       |       |       |     3 ||     8
       Bread ration      |       |       |     2 |     2 |       |       |       |       |     5 ||     9
       Meat ration       |       |       |       |     2 |       |     8 |       |       |    15 ||    25
       Fruit             |       |       |       |     9 |     5 |     2 |       |     1 |     1 ||    18
Armor: Robe              |    16 |    22 |    41 |   133 |   165 |   166 |    80 |   142 |   438 ||  1203
Dodge: Dodged            |    58 |   112 |   249 |   452 |   485 |   672 |   406 |   541 |  1103 ||  4078
       Deflected         |       |       |       |       |       |    64 |    22 |    55 |    40 ||   181
Block: Buckler           |       |       |       |       |    57 |   245 |   146 |   177 |   589 ||  1214
       Reflection        |       |       |       |       |       |       |       |       |     8 ||     8
